Map: Dusk Towers

Players

Wronglllllll - Winner!

  • Race: Zerg Zerg
  • League: Diamond

Pentagram

  • Race: Terran Terran
  • League: Diamond

VOD

Have the link to the VOD?

Description

Time

  • Played on: Jan. 18, 2016, 3:30 a.m.
  • Length: 28:50
Show
View Real Time Build Order
Export as new Build Order

Wronglllllll Zerg - Winner!

Build Orders: Pool First 

Get SALT Encoding   

  12  0:01  Drone  
  13  0:08  Drone  
  14  0:17  Overlord  
  14  0:24  Drone, Extractor  
  15  0:36  Drone x2  
  17  0:49  Drone, Spawning Pool  
  17  0:56  Drone  
  18  1:16  Hatchery  
  17  1:21  Drone x2  
  19  1:31  Drone  
  20  1:39  Queen  
  22  1:54  Hatchery  
  22  1:58  Overlord  
  21  2:04  Drone  
  22  2:18  Queen  
  22  2:20  Drone  
  22  2:21  Drone x2  
  27  2:32  Zergling x2  
  27  2:35  Drone  
  27  2:36  Queen  
  31  2:43  Overlord  
  31  2:46  Drone  
  32  3:00  Drone x4  
  36  3:07  Queen  
  36  3:09  Drone x3  
  41  3:19  Overlord  
  41  3:20  Overlord, Extractor  
  41  3:21  Extractor  
  41  3:22  Drone  
  41  3:23  Drone  
  41  3:32  Drone  
  42  3:40  Drone x6  
  48  3:45  Queen  
  48  3:47  Overlord  
  50  3:56  Drone x5  
  55  4:05  Roach Warren  
  55  4:06  Lair  
  55  4:07  Drone  
  55  4:10  Drone  
  55  4:14  Drone  
  55  4:15  Drone x3  
  60  4:23  Drone  
  60  4:24  Drone x5  
  66  4:32  Evolution Chamber, Overlord  
  66  4:34  Evolution Chamber  
  66  4:38  Queen  
  66  4:47  Extractor  
  66  4:48  Drone, Extractor  
  66  4:51  Drone x6  
  66  4:52  Drone x2  
  73  5:01  Metabolic Boost  
  73  5:03  Glial Reconstitution  
  73  5:05  Zerg Missile Weapons Level 1  
  73  5:07  Overlord  
  73  5:13  Extractor  
  73  5:14  Overlord  
  72  5:15  Extractor  
  72  5:17  Overlord  
  72  5:18  Overlord  
  71  5:27  Zerg Ground Armor Level 1  
  71  5:28  Drone  
  71  5:29  Drone  
  71  5:30  Drone  
  71  5:31  Drone  
  71  5:32  Drone  
  71  5:33  Drone x2  
  71  5:34  Drone x3  
  71  5:35  Overlord x3  
  81  5:44  Overlord x2  
  81  5:45  Roach  
  81  5:46  Roach x3  
  81  5:48  Overlord  
  89  5:51  Roach x3  
  95  5:58  Roach  
  95  5:59  Roach x2  
  95  6:00  Pneumatized Carapace  
  95  6:02  Overseer  
  101  6:07  Roach  
  103  6:22  Roach x9  
  103  6:23  Roach x2  
  125  6:26  Overlord  
  125  6:36  Roach x3  
  131  6:44  Queen  
  130  6:50  Roach x3  
  130  6:52  Ravager  
  137  6:57  Queen  
  135  7:08  Roach x9  
  153  7:10  Overlord x2  
  153  7:13  Zerg Missile Weapons Level 2  
  153  7:21  Evolution Chamber  
  152  7:27  Drone x2  
  152  7:28  Overlord  
  152  7:29  Overlord  
  154  7:37  Spore Crawler, Spine Crawler  
  154  7:40  Spine Crawler  
  154  7:42  Spore Crawler  
  149  7:51  Drone x2  
  149  7:52  Drone x4  
  149  7:53  Drone  
  149  7:57  Zerg Ground Armor Level 2, Spine Crawler x2  
  153  7:58  Spine Crawler  
  153  8:00  Spore Crawler  
  153  8:02  Roach x5  
  161  8:20  Overlord  
  161  8:21  Overlord x2  
  161  8:23  Hatchery  
  161  8:24  Roach  
  161  8:25  Roach x6  
  174  8:35  Spore Crawler, Spine Crawler x2  
  174  8:36  Zerg Melee Weapons Level 1  
  174  8:37  Spine Crawler  
  170  8:52  Roach x3  
  170  8:53  Roach x5  
  187  8:55  Ravager x5  
  187  8:56  Ravager x5  
  187  8:58  Ravager x3  
  199  9:30  Infestation Pit  
  194  9:50  Ravager  
  194  9:52  Ravager  
  196  9:53  Ravager  
  196  9:58  Ravager  
  198  10:00  Ravager  
  198  10:02  Overseer  
  199  10:12  Hive  
  199  10:18  Tunneling Claws  
  199  10:19  Burrow  
  182  10:31  Roach  
  182  10:32  Roach x9  
  182  10:33  Roach  
  199  10:46  Pathogen Glands  
  199  10:47  Zerg Melee Weapons Level 2  
  199  11:11  Extractor  
  198  11:16  Extractor  
  197  11:28  Drone x2  
  199  11:46  Spire, Ultralisk Cavern  
  197  11:47  Zerg Ground Armor Level 3, Spire, Zerg Missile Weapons Level 3  
  197  11:51  Adrenal Glands  
  197  11:54  Drone x3  
  180  12:33  Roach x9  
  198  12:52  Chitinous Plating  
  180  13:08  Infestor x8  
  180  13:09  Infestor  
  194  13:14  Roach x2  
  194  13:19  Greater Spire  
  198  13:24  Zerg Flyer Weapons Level 1  
  198  13:34  Zerg Melee Weapons Level 3  
  198  13:55  Hatchery  
  194  14:01  Ravager x6  
  195  14:04  Roach x2  
  197  14:21  Roach x3  
  140  14:42  Roach x16  
  140  14:43  Roach x10  
  189  15:36  Hatchery  
  189  15:40  Zerg Flyer Weapons Level 2  
  189  15:41  Zerg Flyer Armor Level 1, Roach x20  
  178  16:11  Roach x18  
  178  16:20  Corruptor  
  178  16:21  Corruptor x9  
  172  17:08  Extractor  
  171  17:12  Extractor  
  170  17:17  Extractor  
  170  17:18  Extractor  
  168  17:27  Brood Lord x8  
  168  17:28  Brood Lord x2  
  188  17:36  Corruptor x5  
  198  17:53  Infestor x5  
  180  18:27  Ultralisk x4  
  160  18:38  Ultralisk  
  160  18:40  Zergling x18  
  160  18:41  Zergling x18  
  138  19:02  Ultralisk  
  144  19:05  Zergling x18  
  153  19:16  Ultralisk x2  
  165  19:23  Zergling x18  
  163  19:34  Zergling x8  
  163  19:35  Zergling x10  
  172  19:52  Ultralisk  
  184  19:54  Zergling x22  
  184  19:59  Corruptor x2  
  197  20:05  Spore Crawler  
  197  20:06  Spore Crawler  
  197  20:09  Spore Crawler  
  197  20:10  Spore Crawler  
  193  20:16  Corruptor x2  
  186  20:27  Zerg Flyer Armor Level 2  
  178  20:33  Corruptor x2, Infestor  
  183  20:40  Drone x8  
  163  20:52  Drone x3  
  161  21:01  Drone x3  
  161  21:02  Drone x3  
  136  21:26  Zergling x16  
  136  21:27  Zergling x14  
  136  21:30  Roach  
  134  21:36  Drone  
  126  22:08  Drone x7  
  126  22:57  Drone x11  
  113  23:37  Hatchery, Drone x6  
  118  24:25  Infestor x4  
  118  24:26  Infestor x2  
  118  24:27  Infestor x2  
  134  24:52  Corruptor  
  134  24:53  Corruptor x5  
  146  25:17  Drone x2  
  146  25:18  Drone x3  
  146  25:19  Drone x2  
  146  25:20  Drone x3  
  156  25:22  Roach x5  
  156  25:24  Ultralisk  
  156  25:28  Drone x5  
  157  26:18  Ultralisk x7  
  199  26:24  Extractor  
  198  26:26  Extractor  
  197  26:47  Overseer  
  197  26:50  Overseer  
  197  26:51  Overseer  
  197  26:57  Zergling x2  
  197  26:58  Zergling x4  
  176  27:19  Ultralisk x2  
  176  27:20  Ultralisk x4  
  173  27:33  Zergling x22  
  173  27:34  Zergling x8  
  174  28:03  Overlord x2  
  174  28:04  Zergling x2  
  174  28:05  Zergling x34  
  192  28:18  Hatchery  
Show
View Real Time Build Order
Export as new Build Order

Pentagram Terran 

Build Orders: Command Center First (CC), MMM Bio 

Get SALT Encoding   

  12  0:01  SCV  
  13  0:13  SCV  
  14  0:17  Supply Depot  
  14  0:25  SCV  
  15  0:39  SCV  
  16  0:51  SCV  
  17  0:59  Command Center  
  17  1:10  Barracks  
  17  1:13  SCV  
  18  1:25  SCV  
  19  1:26  Refinery  
  19  1:37  SCV  
  19  1:39  Refinery  
  20  1:49  Supply Depot  
  20  1:56  Orbital Command  
  20  2:01  Marine  
  21  2:13  Barracks  
  21  2:26  Orbital Command  
  21  2:28  Barracks Tech Lab  
  21  2:32  SCV  
  22  2:47  Stimpack  
  22  2:53  SCV  
  22  2:54  SCV  
  22  2:55  Marine  
  25  3:01  Barracks Reactor  
  25  3:05  SCV  
  26  3:06  SCV  
  27  3:13  Marine  
  28  3:20  Command Center  
  28  3:23  SCV  
  29  3:27  SCV  
  29  3:30  Marine  
  29  3:32  Factory  
  31  3:35  SCV  
  31  3:38  Marine x2  
  34  3:47  SCV  
  34  3:48  SCV  
  36  3:49  Marauder  
  38  3:56  Marine x2  
  38  3:59  SCV, Barracks  
  38  4:02  SCV  
  42  4:08  Supply Depot  
  42  4:14  SCV, Marine x2  
  42  4:15  Marauder  
  42  4:17  Factory Reactor  
  46  4:30  Supply Depot, Starport, SCV  
  47  4:34  Orbital Command  
  47  4:43  Marine x2  
  47  4:44  Marauder  
  51  4:46  SCV  
  51  4:47  Combat Shields  
  51  4:48  SCV  
  51  4:50  Barracks Tech Lab  
  53  4:59  SCV, Barracks  
  54  5:00  SCV  
  55  5:10  Refinery  
  55  5:12  SCV  
  56  5:14  SCV  
  56  5:15  Marine x2  
  56  5:16  Concussive Shells  
  56  5:18  Medivac x2, Marauder  
  56  5:20  Factory Reactor  
  65  5:23  Marine  
  65  5:26  SCV  
  65  5:28  SCV x2  
  68  5:33  Supply Depot  
  69  5:38  Marine  
  69  5:40  SCV x2  
  72  5:43  Engineering Bay  
  72  5:45  Engineering Bay, Marine x2  
  72  5:47  Marine  
  72  5:48  Medivac  
  77  5:55  SCV  
  78  6:07  Marine, Medivac  
  78  6:08  Marine x2  
  78  6:09  Marauder  
  85  6:15  Terran Infantry Weapons Level 1, Barracks x2  
  85  6:22  Armory  
  85  6:23  Missile Turret  
  85  6:25  Missile Turret  
  85  6:35  Missile Turret  
  85  6:43  Marine  
  85  6:44  Marine  
  85  6:53  Marine  
  85  6:55  SCV, Marine  
  85  6:56  Marine, Marauder  
  82  7:01  Marine  
  82  7:05  Marine  
  82  7:07  SCV  
  85  7:10  Barracks Reactor  
  85  7:11  Barracks Reactor  
  85  7:14  Factory Tech Lab  
  85  7:22  Supply Depot  
  85  7:23  Supply Depot  
  85  7:24  Supply Depot  
  85  7:26  Refinery  
  85  7:29  Command Center  
  85  7:42  Bunker  
  85  7:43  Medivac x2, Marine x4  
  93  7:44  SCV x3, Bunker, Marine  
  93  7:45  Marauder  
  99  7:56  SCV, Marine x2  
  102  7:58  Marine x2  
  102  8:01  Marine x4  
  108  8:09  Terran Infantry Armor Level 1  
  108  8:13  Supply Depot  
  108  8:14  Supply Depot x4, Marine  
  108  8:18  Liberator  
  109  8:35  SCV, Marauder x2, Siege Tank, Marine x8  
  126  8:47  SCV  
  124  8:52  Marine x4  
  124  8:53  Marine x4  
  132  8:57  Marauder x2  
  136  9:05  Command Center, Supply Depot x2  
  136  9:08  SCV x3, Supply Depot  
  139  9:10  Orbital Command, Marine x6  
  139  9:13  Marine x2  
  147  9:18  Marauder x2  
  147  9:21  Liberator x2  
  151  9:28  Marine x4  
  151  9:29  Marine x2  
  151  9:30  Orbital Command, Marine  
  151  9:31  Marine  
  153  9:39  Terran Infantry Weapons Level 2  
  153  9:40  Marauder x2  
  153  9:42  Terran Vehicle Weapons Level 1  
  149  9:46  Marine x4  
  149  9:47  Marine x2  
  149  9:51  SCV  
  156  10:00  Refinery  
  156  10:01  Marauder x2  
  156  10:02  Marine x2  
  156  10:03  SCV, Refinery  
  156  10:04  Marine x4  
  156  10:05  Marine x2  
  169  10:20  Marine x2  
  171  10:22  Marauder x2, Marine x3  
  166  10:38  Marine x2  
  166  10:39  Marine x2  
  166  10:41  Marine x3  
  173  10:44  Marauder x2  
  173  10:46  Siege Tank  
  173  10:48  Starport  
  173  10:49  Marine  
  181  10:52  Orbital Command  
  181  10:56  Marine  
  181  10:57  Marine x3  
  182  10:58  Medivac  
  182  10:59  Medivac  
  182  11:04  Marine x2  
  189  11:05  Marauder x2  
  195  11:18  Siege Tank  
  198  11:26  Marauder, Terran Infantry Armor Level 2  
  198  11:37  Marauder, Marine x3  
  200  12:03  Orbital Command  
  200  12:13  Missile Turret  
  200  12:19  Fusion Core  
  177  12:49  Marine x3  
  177  12:50  Marauder x2, Marine x3  
  175  13:10  Marine  
  175  13:11  Marauder  
  175  13:12  Marauder  
  180  13:17  Marine x2  
  182  13:26  Marine x3  
  182  13:27  Marine  
  185  13:31  Marine x2  
  185  13:33  Terran Infantry Weapons Level 3, Marauder x2  
  192  13:34  Marine  
  192  13:35  Medivac x2, Marine  
  192  13:37  Advanced Ballistics  
  198  13:48  Marine x2  
  198  13:54  Marauder  
  199  13:59  Command Center  
  188  14:26  Marine  
  188  14:27  Marauder x2, Marine x3  
  170  14:37  Marine x4  
  153  14:44  Marine x2  
  153  14:45  Marine x2  
  151  14:49  Marauder x2, Liberator x2  
  155  14:53  Refinery x2  
  155  14:55  Marine x4  
  159  15:02  Marine x3  
  159  15:03  Marine  
  169  15:10  Marauder x2  
  169  15:12  Marine  
  169  15:13  Marine x3  
  169  15:14  Orbital Command  
  177  15:20  Marine x3  
  177  15:21  Marine  
  179  15:30  Marine x2  
  179  15:31  Marauder, Marine x2  
  179  15:32  Marauder  
  180  15:38  Marine x4  
  184  15:48  Barracks, Marine x3  
  184  15:49  Barracks x2, Marine  
  188  15:50  Barracks  
  188  15:51  Orbital Command  
  188  15:53  Marauder x2  
  188  15:56  Marine x4  
  193  16:06  Marine x4  
  178  16:13  Marine x2  
  178  16:14  Marauder x2, Marine x2  
  186  16:24  Marine x4  
  190  16:31  Marine x2  
  190  16:32  Marine x2  
  187  16:36  Marauder x2  
  180  16:42  Marine x4  
  178  16:49  Marine x3  
  178  16:50  Marine  
  182  16:57  Marauder x2  
  182  16:59  Marine x2  
  182  17:00  Marine  
  189  17:01  Barracks Reactor  
  189  17:02  Barracks Reactor, Barracks Tech Lab  
  189  17:03  Barracks Reactor  
  189  17:08  Terran Infantry Armor Level 3  
  189  17:09  Terran Vehicle Weapons Level 2  
  189  17:11  Starport Reactor  
  189  17:17  Missile Turret  
  189  17:18  Marauder  
  189  17:19  Marauder  
  189  17:20  Missile Turret  
  189  17:22  Missile Turret  
  193  17:27  Missile Turret  
  193  17:28  Orbital Command  
  193  17:38  Marine  
  193  17:39  Marine x2  
  193  17:40  Marauder x2  
  200  17:58  Orbital Command  
  178  18:30  Liberator x4  
  154  18:37  Marine x2  
  154  18:38  Marine x5  
  154  18:39  Marauder x3, Marine x4  
  154  18:40  Marine x3  
  128  18:55  Marine x3  
  128  18:56  Marine x4  
  128  18:57  Marine x2  
  128  19:00  Marauder x2  
  128  19:01  Marauder  
  143  19:04  SCV  
  143  19:08  Refinery  
  143  19:09  Marine x2  
  146  19:10  Refinery  
  146  19:16  SCV  
  147  19:19  Marine  
  147  19:20  Marine x3  
  147  19:21  Marauder, Marine x2  
  147  19:22  Marauder x2  
  156  19:28  SCV, Marine x3  
  156  19:30  Medivac x4  
  168  19:34  Building Armor  
  168  19:37  Terran Vehicle Weapons Level 3, Marine x2  
  170  19:42  Marine x3  
  170  19:43  Marauder x3  
  179  20:00  Medivac x4  
  179  20:04  Marauder  
  179  20:05  Marine x2, Marauder x2  
  195  20:08  Marine  
  196  20:14  Marine  
  196  20:15  Marine x3  
  200  20:40  Liberator  
  200  20:47  Marine x2  
  200  20:48  Marine  
  197  20:56  Marauder, Marine x3  
  196  20:59  Marine  
  200  21:18  Command Center  
  200  21:25  Marine x2  
  152  21:26  Marauder x2, Marine  
  136  21:33  Marine x3  
  136  21:34  Marauder  
  94  21:44  Marine x2  
  94  21:45  Liberator x2, Marine x2  
  94  21:47  Marauder, Marine x2  
  77  21:48  Marauder, Orbital Command, Marine x3  
  77  21:51  Marine  
  77  21:52  Marine x3  
  77  21:53  Marine  
  89  21:55  Marauder  
  81  22:02  Marine x3, Medivac x2  
  81  22:03  Marine  
  81  22:04  Marine  
  81  22:05  Marine x2  
  81  22:06  Marine x2  
  100  22:09  Marine x2, Marauder x2  
  100  22:14  Terran Vehicle And Ship Armor Level 1  
  96  22:16  Marauder  
  98  22:23  Marine x3  
  98  22:24  Marine x2  
  103  22:30  Marauder x2  
  103  22:32  Medivac x2  
  110  22:38  Marauder  
  112  22:45  Medivac x2  
  116  22:52  Marauder x2  
  107  22:59  Marauder  
  107  23:04  Marine x4  
  107  23:05  Marine  
  71  23:13  Marauder x2  
  65  23:21  Marauder  
  65  23:25  Marine x3  
  63  23:27  Marine x3  
  63  23:28  Marine x3  
  63  23:29  Marine x3  
  63  23:30  Marine x2  
  72  23:34  Marauder x2  
  76  23:42  Marine, Marauder  
  76  23:43  Marine x2  
  76  23:45  Marine x3  
  76  23:46  Marine x3  
  76  23:47  Marine x4  
  76  23:48  Marine  
  91  23:52  Siege Tank  
  93  23:55  Medivac x2  
  93  23:56  Marauder x2  
  93  24:00  Marine x2  
  93  24:01  Marine  
  100  24:02  Marine  
  100  24:03  Marauder, Marine x3  
  100  24:04  Marine x3  
  100  24:05  Marine x2  
  111  24:16  Viking x2  
  115  24:17  Marauder x2  
  115  24:22  Terran Vehicle And Ship Armor Level 2  
  119  24:24  Siege Tank  
  119  24:25  Viking x2, Marauder  
  119  24:28  Marine  
  119  24:29  Marine x2  
  131  24:35  Marine x2  
  131  24:36  Marine x3  
  131  24:37  Marine x2  
  138  24:38  Marauder  
  138  24:39  Marauder  
  142  24:46  Marauder, Medivac x2  
  142  24:50  Marine  
  142  24:51  Marine x2  
  151  24:55  Medivac x2  
  151  24:56  Siege Tank  
  160  25:00  Marauder x2  
  160  25:01  Marine x2  
  160  25:02  Marine  
  160  25:03  Marine  
  166  25:07  Marauder  
  166  25:11  Marine x3  
  166  25:12  Marine  
  169  25:20  Marine x2  
  169  25:21  Marauder x2, Marine  
  174  25:24  Marine x2  
  174  25:25  Marine  
  182  25:28  Siege Tank  
  182  25:29  Marauder  
  182  25:32  Marine x2  
  182  25:33  Marine x3  
  182  25:34  Marine  
  190  25:38  Marine  
  190  25:39  Marine x2  
  194  25:42  Missile Turret  
  194  25:43  Marauder x2  
  190  25:50  Marauder  
  194  26:04  Marauder x2  
  194  26:08  Siege Tank  
  194  26:09  Marine  
  115  27:26  Marine x3  
  115  27:27  Marauder x3, Marine x2  
  67  27:35  Marine x3  
  67  27:36  Marine x3  
  37  27:37  Marine x2  
  37  27:38  Marine  
  37  27:43  Medivac x4  
  37  27:44  Siege Tank, Marine x4  
  43  27:45  Marine  
  43  27:48  Marauder x2  
  43  27:49  Marauder  
  57  27:53  Marine x3  
  57  27:54  Marine x3  
  57  27:55  Marine x3  
  66  28:01  Marine  
  66  28:02  Marine x4  
  71  28:09  Marauder  
  71  28:10  Marauder x2  
  71  28:11  Marine x4  
  71  28:12  Marine x3  
  83  28:13  Marine x2  
  83  28:16  Siege Tank  
  83  28:19  Marine  
  90  28:20  Marine x4  
Tags
 
Add a new tag
Caveats
  • Supply blocks, unpowered buildings, or Contaminate may cause inaccurate times.
  • Supply counts are checked every 10 seconds.